 Dungeon Sprint DCSS version 0.19-a0-1908-g43c011f (webtiles) character file.

9 esc the Magician (level 2, -3/16 HPs)
             Began as a Deep Elf Fire Elementalist on Oct 22, 2016.
             Slain by a water moccasin (9 damage)
             ... in the Dungeon (Sprint IX: "|||||||||||||||||||||||||||||").
             The game lasted 00:00:37 (94 turns).

esc the Magician (Deep Elf Fire Elementalist)         Turns: 94, Time: 00:00:38

Health: -3/16      AC:  2    Str:  5    XL:     2   Next: 3%
Magic:  3/8        EV: 13    Int: 19    God:
Gold:   0          SH:  0    Dex: 15    Spells: 1 memorised, 7 levels left

rFire  . . .     SeeInvis .     k - +0 club
rCold  . . .     Gourm    .     a - +0 robe
rNeg   . . .     Faith    .     (no shield)
rPois  .         Spirit   .     (no helmet)
rElec  .         Reflect  .     (no cloak)
rCorr  .         Harm     .     (no gloves)
MR     .....     NoTele   +     (no boots)
Stlth  ++........               (no amulet)
                                (no ring)
                                (no ring)

@: no status effects
A: no striking features
a: no special abilities


You were in the Dungeon.
You were not hungry.

You visited 1 branch

Inventory:

Hand Weapons
 k - a +0 club (weapon)
   (You took it off a hobgoblin in the Dungeon)
Armour
 a - a +0 robe (worn)
Scrolls
 i - a scroll of blinking {!r}
Potions
 d - a potion of curing
 e - a potion of heal wounds
 f - a potion of haste
 g - 2 potions of magic
 h - a potion of berserk rage {!q}
Books
 b - a book of Flames
Comestibles
 c - a bread ration {@e1}
 j - 9 chunks of flesh {@w0}


   Skills:
 + Level 1.0 Fighting
 + Level 3.1 Dodging
 + Level 2.9 Stealth
 + Level 3.8 Spellcasting
 + Level 2.1 Conjurations
 + Level 3.7 Fire Magic


You had 7 spell levels left.
You knew the following spells:

 Your Spells              Type           Power        Failure   Level  Hunger
a - Flame Tongue          Conj/Fire      ##...        6%          1    None


Dungeon Overview and Level Annotations

Branches:
Dungeon (1/1)

Altars:


Message History

The bat closely misses you. x2
You miss the bat. The bat barely misses you. The bat closely misses you.
You closely miss the bat. The bat misses you. The bat closely misses you.
You hit the bat but do no damage. The bat completely misses you.
The bat hits you.
You take 1 damage, and have 9/10 hp.
You hit the bat but do no damage. The bat barely misses you. The bat hits you.
The bat closely misses you.
You take 1 damage, and have 8/10 hp.
Aim: a bat The flame tongue hits the bat.
You kill the bat!
You now have 4/6 mp.
Aim: a goblin The flame tongue hits the goblin.
You kill the goblin!
Aim: a hobgoblin, wielding a club The flame tongue hits the hobgoblin.
You kill the hobgoblin!
You now have 3/7 mp.
Aim: a bat The flame tongue hits the bat.
You kill the bat!
You now have 2/7 mp.
Things that are here:
a bat corpse; a goblin corpse; a frilled lizard corpse You butcher the bat corpse.
j - a chunk of flesh {@w0}
Things that are here:
a goblin corpse; a frilled lizard corpse You butcher the goblin corpse.
j - 4 chunks of flesh {@w0} (gained 3)
You see here a frilled lizard corpse.
You butcher the frilled lizard corpse.
j - 5 chunks of flesh {@w0} (gained 1)
k - a club You see here a hobgoblin corpse.
Wield which item (- for none, * to show all)? (? for menu, Esc to quit)
k - a +0 club (weapon)
You start resting.
Health restored: 11; MP restored: 7 You see here a hobgoblin corpse.
You butcher the hobgoblin corpse.
j - 9 chunks of flesh {@w0} (gained 4)
Okay, then.
You open the door.
An adder, a water moccasin, 2 orcs and a zombie come into view.
The bat zombie barely misses you.
You barely miss the bat zombie. The bat zombie closely misses you. x2
The bat zombie hits you but does no damage.
The bat zombie closely misses you.
You barely miss the bat zombie.
The orc shouts!
The bat zombie hits you. The bat zombie completely misses you.
The bat zombie barely misses you.
The bat zombie hits you but does no damage.
You take 1 damage, and have 10/11 hp.
The water moccasin hisses angrily.
The orc shouts!
You hit the bat zombie but do no damage.
The bat zombie barely misses you. x2; The bat zombie misses you.
You hit the bat zombie.
The bat zombie hits you but does no damage.
The bat zombie barely misses you. The bat zombie hits you.
The bat zombie hits you but does no damage.
You take 1 damage, and have 9/11 hp.
You hit the bat zombie.
The bat zombie hits you but does no damage.
The bat zombie misses you. x2; The bat zombie hits you.
You take 1 damage, and have 8/11 hp.
You hit the bat zombie. The bat zombie misses you.
The bat zombie closely misses you. The bat zombie misses you.
You hit the bat zombie.
You destroy the bat zombie!
Your Fighting skill increases to level 1!
Your Dodging skill increases to level 3!
Your Conjurations skill increases to level 2!
Aim: an orc, wielding a war axe The flame tongue hits the orc.
The orc barely misses you.
You now have 6/7 mp.
Aim: an orc, wielding a war axe (moderately wounded)
The flame tongue hits the orc.
You kill the orc!
You have reached level 2!
The water moccasin closely misses you.
You regained 3 hp, and now have 12/16 hp.
You now have 5/8 mp.
Aim: a water moccasin The flame tongue hits the water moccasin.
The water moccasin bites you.
You take 6 damage, and have 6/16 hp.
MASSIVE DAMAGE!!
You now have 4/8 mp.
Aim: a water moccasin (moderately wounded)
The flame tongue misses the water moccasin.
The water moccasin bites you but does no damage.
You now have 3/8 mp.
The water moccasin barely misses you. The water moccasin bites you!
Ouch! That really hurt!
You die...

▓.▓
▓.▓
▓.▓
▓)▓
▓o▓
▓.▓
▓S▓
▓S▓
▓@▓
▓'▓
▓.▓
▓.▓
▓.▓
▓<▓
▓▓▓


You could see a water moccasin, an adder and an orc.

Vanquished Creatures
  An orc (D)
  2 bats (D)
  A bat zombie (D)
  A goblin (D)
  A hobgoblin (D)
  A frilled lizard (D)
7 creatures vanquished.

Notes
Turn   | Place    | Note
-------+----------+-------------------------------------------
     0 | D        | esc the Deep Elf Fire Elementalist began the quest for the Orb.
     0 | D        | Reached XP level 1. HP: 10/10 MP: 6/6
    79 | D        | Noticed a water moccasin
    86 | D        | Reached skill level 1 in Fighting
    86 | D        | Reached skill level 3 in Dodging
    86 | D        | Reached skill level 2 in Conjurations
    88 | D        | Reached XP level 2. HP: 12/16 MP: 5/8
    94 | D        | Slain by a water moccasin

Vault maps used:
D:        linesprint

Skill      XL: |  1 |
---------------+----+-----
Fighting       | 1 |  1.0
Dodging        | 3 |  3.1
Conjurations   | 2 |  2.1
Stealth        | |  2.9
Spellcasting   | |  3.8
Fire Magic     | |  3.7

Action                   || total
-------------------------++-------
Melee: Club              ||     7
       Unarmed           ||     5
 Cast: Flame Tongue      ||     9
Armor: Robe              ||     7
Dodge: Dodged            ||    29

Vault maps used:
D:        linesprint

Table legend:
 A = Turns spent in this place as a percentage of turns spent in the entire game.
 B = Non-inter-level travel turns spent in this place as a percentage of non-inter-level travel turns spent in the entire game.
 C = Inter-level travel turns spent in this place as a percentage of turns spent in this place.
 D = Turns resting spent in this place as a percentage of non-inter-level travel turns spent in this place.
 E = Turns spent auto-exploring this place as a percentage of non-inter-level travel turns spent in this place.
 F = Non-inter-level travel turns spent in this place divided by the number of levels of this place that you've seen.
                   A       B       C       D       E      F
               +-------+-------+-------+-------+-------+----------------------
         Total | 100.0 | 100.0 |   0.0 |   4.2 |   0.0 |  48.0
       Dungeon | 100.0 | 100.0 |   0.0 |   4.2 |   0.0 |  48.0
               +-------+-------+-------+-------+-------+----------------------

Table legend:
 A = Kills in this place as a percentage of kills in entire the game.
 B = Kills by you in this place as a percentage of kills by you in the entire game.
 C = Kills by friends in this place as a percentage of kills by friends in the entire game.
 D = Other kills in this place as a percentage of other kills in the entire game.
 E = Experience gained in this place as a percentage of experience gained in the entire game.
 F = Experience gained in this place divided by the number of levels of this place that you have seen.
                   A       B       C       D       E      F
               +-------+-------+-------+-------+-------+----------------------
         Total | 100.0 | 100.0 |  -nan |  -nan | 100.0 |  13.0
       Dungeon | 100.0 | 100.0 |  -nan |  -nan | 100.0 |  13.0
               +-------+-------+-------+-------+-------+----------------------
